SAAA
CALGARY LYNX @ ALASKAN HUMPBACKS
07/30/2029
 
TOP OF THE 1ST
Calgary Lynx batting - Pitching for Alaskan Humpbacks : RHP Delano Turnipseed
Pitching: RHP Delano Turnipseed
Batting: LHB Daniel García 0-0: Foul Ball, location: 2F
0-1: Ground out U3 (Groundball, 3)
Batting: SHB Lowell Moon 0-0: Reached on error, E3 (Groundball, 34S)
Batting: RHB Miguel Rosales 0-0: Ball
1-0: Called Strike
1-1: Grounds into double play, 4-6-3 (Groundball, 4)
Top of the 1st over - 0 runs, 0 hits, 1 error, 0 left on base; Calgary 0 - Alaskan 0
BOTTOM OF THE 1ST
Alaskan Humpbacks batting - Pitching for Calgary Lynx : RHP Andy Perry
Pitching: RHP Andy Perry
Batting: RHB Gregory Shankland 0-0: Ball
1-0: Ball
2-0: Foul Ball, location: 2F
2-1: Fly out, F8 (Flyball, 8LM)
Batting: RHB Jesús Torres 0-0: Swinging Strike
0-1: Foul Ball, location: 2F
0-2: Ball
1-2: SINGLE (Line Drive, 8LS)
Batting: RHB Urs van Munster 0-0: Called Strike
Jesús Torres steals 2nd base
0-1: Ground out 6-3 (Groundball, 6MD)
Jesús Torres to third
Batting: LHB Miguel Martínez 0-0: Ball
1-0: Called Strike
1-1: Ball
2-1: Ball
3-1: Foul Ball, location: 2F
3-2: Base on Balls
Batting: RHB Jesús Amador 0-0: Ball
1-0: Swinging Strike
1-1: Called Strike
1-2: Ground out 4-3 (Groundball, 34)
Bottom of the 1st over - 0 runs, 1 hit, 0 errors, 2 left on base; Calgary 0 - Alaskan 0
TOP OF THE 2ND
Calgary Lynx batting - Pitching for Alaskan Humpbacks : RHP Delano Turnipseed
Batting: RHB Jesús Martínez 0-0: Ball
1-0: Swinging Strike
1-1: Called Strike
1-2: Ball
2-2: Strikes out swinging, 2-3 out at first.
Batting: LHB Francisco Santos 0-0: Ball
1-0: Ground out 6-3 (Groundball, 6)
Batting: RHB Logan Namajunas 0-0: Ball
1-0: Called Strike
1-1: Swinging Strike
1-2: Foul Ball, location: 2F
1-2: Reached on error, E6 (Groundball, 6)
Batting: RHB Tony Farquharson 0-0: Ball
1-0: Ball
Logan Namajunas steals 2nd base
2-0: Called Strike
2-1: Ground out 4-3 (Groundball, 4)
Top of the 2nd over - 0 runs, 0 hits, 1 error, 1 left on base; Calgary 0 - Alaskan 0
BOTTOM OF THE 2ND
Alaskan Humpbacks batting - Pitching for Calgary Lynx : RHP Andy Perry
Batting: RHB Rob Morse 0-0: Ball
1-0: Called Strike
1-1: Called Strike
1-2: Fly out, F7 (Flyball, 7D)
Batting: RHB José López 0-0: Ball
1-0: Ball
2-0: Ground out 1-3 (Groundball, 15)
Batting: RHB Peter Agulera 0-0: Ball
1-0: Reached on error, E3 (Groundball, 34S)
Batting: RHB Adrian Barr 0-0: Ball
1-0: Foul Ball, location: 2F
1-1: Ball
2-1: Foul Ball, location: 2F
2-2: Fly out, F8 (Line Drive, 8RM)
Bottom of the 2nd over - 0 runs, 0 hits, 1 error, 1 left on base; Calgary 0 - Alaskan 0
TOP OF THE 3RD
Calgary Lynx batting - Pitching for Alaskan Humpbacks : RHP Delano Turnipseed
Batting: RHB Bass Reeves 0-0: Called Strike
0-1: Foul Ball, location: 2F
0-2: Ball
1-2: Ball
2-2: SINGLE (Groundball, 56D)
Batting: RHB Michael Garrett 0-0: Called Strike
0-1: Foul Ball, location: 2F
0-2: Ball
1-2: Foul Ball, location: 2F
1-2: Strikes out swinging
Batting: LHB Daniel García 0-0: Called Strike
0-1: Ball
1-1: Ball
2-1: Ball
3-1: Foul Ball, location: 2F
3-2: Base on Balls
Bass Reeves to second
Batting: SHB Lowell Moon 0-0: Ball
1-0: Fly out, F9 (Line Drive, 9D)
Runner from 2nd tags up, SAFE at 3rd, no throw
Batting: RHB Miguel Rosales 0-0: Ball
1-0: Ball
2-0: Ball
3-0: Foul Ball, location: 2F
3-1: DOUBLE (Line Drive, 7LM)
Bass Reeves scores
Daniel García to third
Runner from 3rd tries for Home, SAFE, no throw
Batting: RHB Jesús Martínez 0-0: Ball
1-0: Ground out U3 (Groundball, 34)
Top of the 3rd over - 2 runs, 2 hits, 0 errors, 1 left on base; Calgary 2 - Alaskan 0
BOTTOM OF THE 3RD
Alaskan Humpbacks batting - Pitching for Calgary Lynx : RHP Andy Perry
Batting: RHB Gregory Shankland 0-0: Called Strike
0-1: Ball
1-1: Ground out 5-3 (Groundball, 56)
Batting: RHB Jesús Torres 0-0: Ball
1-0: Called Strike
1-1: Ground out 5-3 (Groundball, 5L)
Batting: RHB Urs van Munster 0-0: Ground out 6-3 (Groundball, 6)
Bottom of the 3rd over - 0 runs, 0 hits, 0 errors, 0 left on base; Calgary 2 - Alaskan 0
TOP OF THE 4TH
Calgary Lynx batting - Pitching for Alaskan Humpbacks : RHP Delano Turnipseed
Batting: LHB Francisco Santos 0-0: Ball
1-0: Swinging Strike
1-1: Ball
2-1: Ball
3-1: Foul Ball, location: 2F
3-2: Foul Ball, location: 2F
3-2: Base on Balls
Batting: RHB Logan Namajunas 0-0: Called Strike
0-1: Fly out, F9 (Flyball, 9S)
Batting: RHB Tony Farquharson 0-0: Foul Ball, location: 2F
0-1: Ball
1-1: Swinging Strike
1-2: Foul Ball, location: 2F
1-2: Strikes out looking
Batting: RHB Bass Reeves 0-0: Foul Ball, location: 2F
0-1: Foul Ball, location: 2F
0-2: Ball
1-2: Foul Ball, location: 2F
1-2: Foul Ball, location: 2F
1-2: Foul Ball, location: 2F
1-2: SINGLE (Groundball, 6D)
Francisco Santos to second
Batting: RHB Michael Garrett 0-0: Called Strike
0-1: Ground out 5-3 (Groundball, 56)
Top of the 4th over - 0 runs, 1 hit, 0 errors, 2 left on base; Calgary 2 - Alaskan 0
BOTTOM OF THE 4TH
Alaskan Humpbacks batting - Pitching for Calgary Lynx : RHP Andy Perry
Batting: LHB Miguel Martínez 0-0: Fly out, F5 (Popup, 56S)
Batting: RHB Jesús Amador 0-0: Ball
1-0: Ball
2-0: SINGLE (Groundball, 56D)
Batting: RHB Rob Morse 0-0: Called Strike
0-1: Foul Ball, location: 2F
0-2: Foul Ball, location: 2F
0-2: Ball
1-2: Ball
2-2: Ball
3-2: Fielders Choice at 2nd, 4-6 (Groundball, 34)
Batting: RHB José López 0-0: Ball
1-0: Ball
Rob Morse is caught stealing 2nd base
Bottom of the 4th over - 0 runs, 1 hit, 0 errors, 0 left on base; Calgary 2 - Alaskan 0
TOP OF THE 5TH
Calgary Lynx batting - Pitching for Alaskan Humpbacks : RHP Delano Turnipseed
Batting: LHB Daniel García 0-0: Called Strike
0-1: Ball
1-1: Swinging Strike
1-2: Foul Ball, location: 2F
1-2: Ball
2-2: Foul Ball, location: 2F
2-2: SINGLE (Groundball, 34D)
Batting: SHB Lowell Moon 0-0: Sac Bunt - play at first, batter OUT! 3-4
Daniel García to second
Batting: RHB Miguel Rosales 0-0: Swinging Strike
0-1: Ball
1-1: Ball
2-1: Foul Ball, location: 2F
2-2: Foul Ball, location: 2F
2-2: Foul Ball, location: 2F
2-2: Ball
3-2: Foul Ball, location: 2F
3-2: Fly out, F8 (Flyball, 8RD)
Pitching: RHP Juan Sánchez
Batting: RHB Jesús Martínez 0-0: SINGLE (Flyball, 56D)
Daniel García to third
Batting: LHB Francisco Santos 0-0: Ball
1-0: Fielders Choice at 2nd, 6-4 (Groundball, 6)
Top of the 5th over - 0 runs, 2 hits, 0 errors, 2 left on base; Calgary 2 - Alaskan 0
BOTTOM OF THE 5TH
Alaskan Humpbacks batting - Pitching for Calgary Lynx : RHP Andy Perry
Batting: RHB José López 0-0: Called Strike
0-1: DOUBLE (Line Drive, 9D)
Batting: RHB Peter Agulera 0-0: Called Strike
0-1: Ball
1-1: Ball
2-1: Foul Ball, location: 2F
2-2: Ball
3-2: Foul Ball, location: 2F
3-2: SINGLE (Line Drive, 56D)
José López to third
Runner from 3rd tries for Home, SAFE, throw made home
Batting: RHB Adrian Barr 0-0: Called Strike
Peter Agulera steals 2nd base
0-1: Called Strike
0-2: Fly out, F9 (Flyball, 9D)
Runner from 2nd tags up, SAFE at 3rd, no throw
Batting: RHB Gregory Shankland 0-0: Ball
1-0: Ball
2-0: Called Strike
2-1: Foul Ball, location: 2F
2-2: Ball
3-2: Base on Balls
Batting: RHB Jesús Torres 0-0: Called Strike
0-1: Called Strike
0-2: Ball
1-2: Ball
2-2: Ball
3-2: Fly out, F9 (Flyball, 9S)
Batting: RHB Urs van Munster 0-0: Ball
1-0: Fly out, F9 (Flyball, 9)
Bottom of the 5th over - 1 run, 2 hits, 0 errors, 2 left on base; Calgary 2 - Alaskan 1
TOP OF THE 6TH
Calgary Lynx batting - Pitching for Alaskan Humpbacks : RHP Juan Sánchez
Batting: RHB Logan Namajunas 0-0: Ball
1-0: Ball
2-0: Foul Ball, location: 2F
2-1: Fly out, F9 (Flyball, 9D)
Batting: RHB Tony Farquharson 0-0: Ball
1-0: Ball
2-0: Foul Ball, location: 2F
2-1: Ball
3-1: Foul Ball, location: 2F
3-2: Strikes out looking
Batting: RHB Bass Reeves 0-0: Ground out 5-3 (Groundball, 5L)
Top of the 6th over - 0 runs, 0 hits, 0 errors, 0 left on base; Calgary 2 - Alaskan 1
BOTTOM OF THE 6TH
Alaskan Humpbacks batting - Pitching for Calgary Lynx : RHP Andy Perry
Batting: LHB Miguel Martínez 0-0: Ball
1-0: Foul Ball, location: 2F
1-1: Ball
2-1: Ball
3-1: Called Strike
3-2: Foul Ball, location: 2F
3-2: Ground out 5-3 (Groundball, 56S)
Batting: RHB Jesús Amador 0-0: Ball
1-0: Fly out, F7 (Flyball, 7D)
Batting: RHB Rob Morse 0-0: Ground out U3 (Groundball, 3L)
Bottom of the 6th over - 0 runs, 0 hits, 0 errors, 0 left on base; Calgary 2 - Alaskan 1
TOP OF THE 7TH
Calgary Lynx batting - Pitching for Alaskan Humpbacks : RHP Juan Sánchez
Batting: RHB Michael Garrett 0-0: Foul Ball, location: 2F
0-1: Fly out, F3 (Popup, 34S)
Batting: LHB Daniel García 0-0: Ball
1-0: Foul Ball, location: 2F
1-1: Reached on error, E4 (Groundball, 4)
Batting: SHB Lowell Moon 0-0: Swinging Strike
0-1: Swinging Strike
0-2: Ball
1-2: SINGLE (Line Drive, 4MD)
Daniel García to third
Runner from 3rd tries for Home, SAFE, no throw
Batting: RHB Miguel Rosales 0-0: Ball
1-0: Ball
2-0: Swinging Strike
2-1: Ball
3-1: Swinging Strike
3-2: Strikes out swinging
Batting: RHB Jesús Martínez 0-0: Ball
1-0: Called Strike
1-1: Ball
2-1: SINGLE (Groundball, 6MD)
Lowell Moon to second
Batting: LHB Francisco Santos 0-0: Ground out 5-3 (Groundball, 56S)
Top of the 7th over - 1 run, 2 hits, 1 error, 2 left on base; Calgary 3 - Alaskan 1
BOTTOM OF THE 7TH
Alaskan Humpbacks batting - Pitching for Calgary Lynx : RHP Andy Perry
Batting: RHB José López 0-0: Called Strike
0-1: Foul Ball, location: 2F
0-2: Strikes out swinging
Batting: RHB Peter Agulera 0-0: Called Strike
0-1: Ball
1-1: Swinging Strike
1-2: Foul Ball, location: 2F
1-2: Strikes out looking
Batting: RHB Adrian Barr 0-0: Foul Ball, location: 2F
0-1: DOUBLE (Line Drive, 9D)
Pitching: RHP Mark Simmons
Batting: RHB Gregory Shankland 0-0: Ball
1-0: Swinging Strike
1-1: Foul Ball, location: 2F
1-2: Ball
2-2: Ball
Wild Pitch!
Adrian Barr to third
3-2: Foul Ball, location: 2F
3-2: Strikes out looking
Bottom of the 7th over - 0 runs, 1 hit, 0 errors, 1 left on base; Calgary 3 - Alaskan 1
TOP OF THE 8TH
Calgary Lynx batting - Pitching for Alaskan Humpbacks : RHP Juan Sánchez
Batting: RHB Logan Namajunas 0-0: Ball
1-0: Swinging Strike
1-1: Ball
2-1: Ball
3-1: Foul Ball, location: 2F
3-2: Base on Balls
Batting: RHB Tony Farquharson 0-0: Bunted foul
Pickoff Throw to First - Out!
0-1: Foul Ball, location: 2F
0-2: Fly out, F9 (Line Drive, 9LM)
Batting: RHB Bass Reeves 0-0: Ball
1-0: Called Strike
1-1: Called Strike
1-2: Ground out 5-3 (Groundball, 56S)
Top of the 8th over - 0 runs, 0 hits, 0 errors, 0 left on base; Calgary 3 - Alaskan 1
BOTTOM OF THE 8TH
Alaskan Humpbacks batting - Pitching for Calgary Lynx : RHP Mark Simmons
Batting: RHB Jesús Torres 0-0: Reached on error, E6 (Groundball, 6)
Batting: RHB Urs van Munster 0-0: Ball
1-0: Ball
2-0: Called Strike
2-1: Foul Ball, location: 2F
2-2: Foul Ball, location: 2F
2-2: Strikes out looking
Batting: LHB Miguel Martínez 0-0: Foul Ball, location: 2F
0-1: Swinging Strike
0-2: Ball
1-2: Ball
2-2: Fly out, F8 (Flyball, 8LM)
Batting: RHB Jesús Amador 0-0: Ball
1-0: Foul Ball, location: 2F
1-1: Ball
2-1: Swinging Strike
2-2: Foul Ball, location: 2F
2-2: Strikes out swinging
Bottom of the 8th over - 0 runs, 0 hits, 1 error, 1 left on base; Calgary 3 - Alaskan 1
TOP OF THE 9TH
Calgary Lynx batting - Pitching for Alaskan Humpbacks : RHP Juan Sánchez
Batting: RHB Michael Garrett 0-0: Ground out 6-3 (Groundball, 6)
Batting: LHB Daniel García 0-0: Called Strike
0-1: Foul Ball, location: 2F
0-2: Ball
1-2: Foul Ball, location: 2F
1-2: Ground out 4-3 (Groundball, 4)
Pitching: LHP Billy Grange
Batting: SHB Lowell Moon 0-0: Called Strike
0-1: Ball
1-1: Foul Ball, location: 2F
1-2: Hit by Pitch
Batting: RHB Miguel Rosales 0-0: Ball
1-0: Called Strike
1-1: Foul Ball, location: 2F
1-2: Ball
2-2: SINGLE (Line Drive, 4D)
Lowell Moon to second
Runner from 2nd tries for 3rd, SAFE, no throw
Batting: RHB Jesús Martínez 0-0: Ball
1-0: Foul Ball, location: 2F
1-1: Called Strike
1-2: Strikes out looking
Top of the 9th over - 0 runs, 1 hit, 0 errors, 2 left on base; Calgary 3 - Alaskan 1
BOTTOM OF THE 9TH
Alaskan Humpbacks batting - Pitching for Calgary Lynx : RHP Mark Simmons
Pitching: RHP Alfonso Vera
Batting: RHB Rob Morse 0-0: Ball
1-0: Called Strike
1-1: Fly out, F9 (Flyball, 89S)
Batting: RHB José López 0-0: DOUBLE (Line Drive, 8LD)
Batting: RHB Peter Agulera 0-0: Ball
Balk!
José López to third
1-0: Swinging Strike
1-1: SINGLE (Line Drive, 4MD)
José López scores
Batting: RHB Adrian Barr 0-0: Called Strike
0-1: Ball
1-1: SINGLE (Groundball, 3S) (infield hit)
Peter Agulera to second
Batting: RHB Gregory Shankland 0-0: Ball
1-0: Called Strike
1-1: Ball
2-1: Foul Ball, location: 2F
2-2: Foul Ball, location: 2F
2-2: Ball
3-2: Base on Balls
Peter Agulera to third
Adrian Barr to second
Batting: RHB Jesús Torres 0-0: Ball
1-0: Ball
2-0: Foul Ball, location: 2F
2-1: Foul Ball, location: 2F
2-2: Foul Ball, location: 2F
2-2: Fly out, F9 (Flyball, 9S)
Throwing error, E9
Peter Agulera scores
Adrian Barr to third
Gregory Shankland to second
Batting: RHB Urs van Munster 0-0: Called Strike
0-1: Ball
1-1: Ground out 5-3 (Groundball, 5L)
Bottom of the 9th over - 2 runs, 3 hits, 1 error, 2 left on base; Calgary 3 - Alaskan 3
TOP OF THE 10TH
Calgary Lynx batting - Pitching for Alaskan Humpbacks : LHP Billy Grange
Batting: LHB Francisco Santos 0-0: Ball
1-0: Foul Ball, location: 2F
1-1: Foul Ball, location: 2F
1-2: Strikes out swinging
Batting: RHB Logan Namajunas 0-0: TRIPLE (Flyball, 89XD)
Batting: RHB Tony Farquharson 0-0: Ball
1-0: Called Strike
1-1: Fly out, F6 (Line Drive, 6)
Batting: RHB Bass Reeves 0-0: Fly out, F3 (Popup, 3S)
Top of the 10th over - 0 runs, 1 hit, 0 errors, 1 left on base; Calgary 3 - Alaskan 3
BOTTOM OF THE 10TH
Alaskan Humpbacks batting - Pitching for Calgary Lynx : RHP Alfonso Vera
Pitching: LHP Héctor Cortéz
Pinch Hitting: RHB Michael Riley 0-0: Ball
1-0: Called Strike
1-1: Foul Ball, location: 2F
1-2: Fly out, F3 (Line Drive, 3)
Batting: RHB Jesús Amador 0-0: Called Strike
0-1: Swinging Strike
0-2: Foul Ball, location: 2F
0-2: Ball
1-2: Foul Ball, location: 2F
1-2: Ground out 6-3 (Groundball, 6)
Batting: RHB Rob Morse 0-0: Fly out, F8 (Flyball, 8RM)
Bottom of the 10th over - 0 runs, 0 hits, 0 errors, 0 left on base; Calgary 3 - Alaskan 3
TOP OF THE 11TH
Calgary Lynx batting - Pitching for Alaskan Humpbacks : LHP Billy Grange
Now in LF: Michael Riley
Batting: RHB Michael Garrett 0-0: SINGLE (Line Drive, 9S)
Batting: LHB Daniel García 0-0: Ball
1-0: Called Strike
Michael Garrett is caught stealing 2nd base
1-1: Ball
2-1: Swinging Strike
2-2: Ball
3-2: SINGLE (Groundball, 4D)
Batting: SHB Lowell Moon 0-0: Ball
1-0: Called Strike
1-1: Grounds into double play, 6-4-3 (Groundball, 6)
Top of the 11th over - 0 runs, 2 hits, 0 errors, 0 left on base; Calgary 3 - Alaskan 3
BOTTOM OF THE 11TH
Alaskan Humpbacks batting - Pitching for Calgary Lynx : LHP Héctor Cortéz
Batting: RHB José López 0-0: SOLO HOME RUN (Flyball, 7LD), Distance : 354 ft
Tuesday, December 19th, 2017 - OOTP Baseball 18.8 Build 76